 Dungeon Crawl Stone Soup version 0.27-a0-1202-ge72e491 (webtiles) character file.

Game seed: 10539470993490413360

1876 Meow the Frost Mage (level 9, -5/80 HPs)
             Began as a Ghoul Ice Elementalist on June 1, 2021.
             Was an Initiate of Gozag.
             Slain by Harold
             ... wielding a +0 short sword
              (9 damage)
             ... on level 7 of the Dungeon.
             The game lasted 00:25:15 (5918 turns).

Meow the Frost Mage (Ghoul Ice Elementalist)        Turns: 5918, Time: 00:25:16

Health: -5/80      AC:  9    Str: 12    XL:     9   Next: 14%
Magic:  1/17       EV: 12    Int: 13    God:    Gozag
Gold:   461        SH:  0    Dex:  9    Spells: 9/20 levels left

rFire    . . .     SeeInvis .   b - +0 rapier
rCold    + . .     Faith    .   (no shield)
rNeg     + + +     Spirit   .   l - +0 robe
rPois    ∞         Reflect  .   j - +0 helmet
rElec    .         Harm     .   (no cloak)
rCorr    +         Rampage  .   (no gloves)
Will     .....                  (no boots)
Stlth    ++........             w - amulet of magic regeneration
HPRegen  0.00/turn              z - ring of resist corrosion
MPRegen  0.40/turn              (no ring)

@: ice-armoured, marked, very slightly contaminated
A: claws 1, cold resistance 1, negative energy resistance 3, inhibited
regeneration, torment resistance 2
a: Renounce Religion, Potion Petition, Call Merchant, Bribe Branch


You were on level 7 of the Dungeon.
You worshipped Gozag.
Gozag was aware of your devotion.
You visited 2 branches of the dungeon, and saw 8 of its levels.

You collected 550 gold pieces.
You paid 89 gold pieces to Gozag.

Inventory:

Hand Weapons
 a - a +0 hunting sling
 b - a +0 rapier (weapon)
Missiles
 e - 139 stones (quivered)
 h - 59 arrows
 p - 23 sling bullets
 u - 41 bolts
Armour
 i - a +0 cloak of poison resistance
 j - a +0 helmet (worn)
 l - a +0 robe (worn)
Jewellery
 w - an amulet of magic regeneration (around neck)
 z - a ring of resist corrosion (left claw)
Wands
 c - a wand of flame (5)
Scrolls
 k - a scroll of teleportation
 n - a scroll of magic mapping {unknown}
 o - a scroll of summoning {unknown}
 q - 3 scrolls of amnesia {unknown}
 r - a scroll of fog {unknown}
 t - 2 scrolls of enchant armour {unknown}
 v - 3 scrolls of identify
 y - a scroll of fear {unknown}
Potions
 f - 6 potions of curing
 g - a potion of lignification {unknown}
 m - a potion of degeneration {unknown}
 s - 3 potions of brilliance
 x - a potion of magic {unknown}


   Skills:
 + Level 7.7 Fighting
 - Level 1.7 Dodging
 - Level 2.1 Stealth
 - Level 6.0 Spellcasting
 - Level 8.0 Ice Magic


You had 9 spell levels left.
You knew the following spells:

 Your Spells              Type           Power      Damage    Failure   Level
a - Freeze                Ice            96%        1d11      1%          1
b - Hailstorm             Conj/Ice       14%        3d5       32%         4
e - Ozocubu's Armour      Ice            24%        N/A       1%          3
f - Frozen Ramparts       Ice            48%        1d6       1%          3

Your spell library contained the following spells:

 Spells                   Type           Power      Damage    Failure   Level
 Metabolic Englaciation   Hex/Ice        7%         N/A       65%         5


Dungeon Overview and Level Annotations

Branches:
Dungeon (7/15)             Temple (1/1) D:5

Altars:
Ashenzari
Cheibriados
Dithmenos
Gozag
Hepliaklqana
Kikubaaqudgha
Makhleb
Nemelex Xobeh
Okawaru
Ru
Sif Muna
Vehumet
Wu Jian
Xom
Yredelemnul
The Shining One

Shops:
D:2 *

Annotations:
D:2 1 runed translucent door, Crazy Yiuf
D:7 Dowan, Harold


Innate Abilities, Weirdness & Mutations

You thrive by killing the living.
You are immune to poison.
You have sharp fingernails.
Your flesh is cold resistant. (rC+)
You are immune to negative energy. (rN+++)
You do not regenerate when monsters are visible.
You are immune to unholy pain and torment.


Message History

Press: ? - help, Shift-Dir - straight line, f/p - Harold
Aim: Harold, wielding a +0 short sword, wearing a +0 scale mail and quivering 3 throwing nets (heavily wounded)
You freeze Harold.
Harold is heavily wounded.
The wall freezes Harold!
Harold hits you with a +0 short sword.
* * * LOW HITPOINT WARNING * * *
Unknown command.
Casting: Freeze (safe; 1% risk of failure)
Confirm with . or Enter, or press ? or * to list all spells.
Aiming: Freeze (safe; 1% risk of failure)
Press: ? - help, Shift-Dir - straight line, f/p - Harold
Aim: Harold, wielding a +0 short sword, wearing a +0 scale mail and quivering 3 throwing nets (severely wounded)
You freeze Harold!
Harold is severely wounded.
The frozen ramparts melt away.
Harold becomes distracted by the nearby gold, dreaming of imaginary riches.
Casting: Freeze (safe; 1% risk of failure)
Confirm with . or Enter, or press ? or * to list all spells.
Aiming: Freeze (safe; 1% risk of failure)
Press: ? - help, Shift-Dir - straight line, f/p - Harold
Aim: Harold, wielding a +0 short sword, wearing a +0 scale mail and quivering 3 throwing nets (severely wounded, unaware, hasn't noticed you)
You freeze Harold.
Harold is no longer distracted by gold.
Harold shouts!
Harold is almost dead.
Harold hits you with a +0 short sword!!
* * * LOW HITPOINT WARNING * * *
Unknown command.
Casting: Freeze (safe; 1% risk of failure)
Confirm with . or Enter, or press ? or * to list all spells.
Aiming: Freeze (safe; 1% risk of failure)
Press: ? - help, Shift-Dir - straight line, f/p - Harold
Aim: Harold, wielding a +0 short sword, wearing a +0 scale mail and quivering 3 throwing nets (almost dead)
You freeze Harold.
Harold is almost dead.
Harold barely misses you.
You hit Harold.
Harold is almost dead.
Harold hits you with a +0 short sword!
You die...
Your body crumbles into a pile of gold.

$ .#........# .
..... ....###
#.#.... .....##
....... .<[..#
..... ....# .$.
#...#
###@#####...#
#...@.......#
#.......##..#
#.......##..#
#.......##..#
#.......##..#
..###.######..#
....... ##..#
......... #...#
........##
##...#


You could see Harold.

Vanquished Creatures
  Menkaure (D:7)
  A black bear (D:5)
  A sky beast (D:5)
  An ice beast (D:5)
  4 ogres
  A centaur (D:6)
  2 scorpions
  A bullfrog (D:7)
  5 killer bees (D:6)
  A wight (D:6)
  3 hounds
  A jelly (D:5)
  2 bullfrog skeletons
  An orc priest (D:7)
  A gnoll shaman (D:7)
  2 iguanas
  An orc wizard (D:7)
  A hound skeleton (D:5)
  2 howler monkey zombies
  11 gnolls
  8 adders
  2 adder skeletons (D:4)
  3 worms
  2 dart slugs (D:1)
  4 orcs
  5 ball pythons
  4 endoplasms
  4 giant cockroaches
  3 goblins
  11 hobgoblins
  4 jackals (D:3)
  2 kobolds (D:2)
  2 quokkas
  A bat (D:3)
  6 frilled lizards
  6 rats
  2 butterflies (D:4)
112 creatures vanquished.

Notes
Turn   | Place    | Note
-------+----------+-------------------------------------------
     0 | D:1      | Meow the Ghoul Ice Elementalist began the quest for the
                  | Orb.
     0 | D:1      | Reached XP level 1. HP: 14/14 MP: 2/2
   163 | D:1      | Reached XP level 2. HP: 22/22 MP: 0/4
   305 | D:1      | Reached skill level 1 in Fighting
  1392 | D:1      | Reached XP level 3. HP: 22/28 MP: 0/5
  1466 | D:2      | Learned a level 3 spell: Frozen Ramparts
  1731 | D:2      | Reached skill level 5 in Ice Magic
  1731 | D:2      | Reached XP level 4. HP: 33/36 MP: 2/6
  1793 | D:2      | Found an ancient bone altar of Kikubaaqudgha.
  2133 | D:2      | Found a faded altar of an unknown god.
  2241 | D:2      | Found a runed translucent door.
  2242 | D:2      | Noticed Crazy Yiuf
  2287 | D:2      | Found Mompab's Assorted Antiques.
  2587 | D:3      | Reached XP level 5. HP: 42/42 MP: 4/8
  3021 | D:4      | Learned a level 3 spell: Ozocubu's Armour
  3175 | D:4      | Reached XP level 6. HP: 28/51 MP: 0/9
  3651 | D:4      | Found a shimmering altar of Xom.
  3978 | D:5      | Entered Level 5 of the Dungeon
  3987 | D:5      | Reached skill level 6 in Ice Magic
  4046 | D:5      | Found a staircase to the Ecumenical Temple.
  4058 | D:5      | Reached XP level 7. HP: 59/59 MP: 3/11
  4124 | Temple   | Entered the Ecumenical Temple
  4302 | Temple   | Became a worshipper of Gozag Ym Sagoz the Greedy
  4429 | D:5      | Learned a level 4 spell: Hailstorm
  4675 | D:5      | Reached skill level 5 in Fighting
  4717 | D:5      | Reached skill level 7 in Ice Magic
  4806 | D:5      | Found a broken altar of Ashenzari.
  5006 | D:5      | Reached XP level 8. HP: 69/69 MP: 5/13
  5416 | D:6      | Reached skill level 5 in Spellcasting
  5592 | D:6      | Reached skill level 8 in Ice Magic
  5790 | D:7      | Noticed Menkaure
  5797 | D:7      | Noticed Dowan
  5804 | D:7      | Killed Menkaure
  5805 | D:7      | Reached XP level 9. HP: 78/79 MP: 4/16
  5898 | D:7      | Noticed Harold
  5916 | D:7      | HP: 4/80 [Harold/+0 short sword (19)]
  5918 | D:7      | Slain by Harold

Illustrated notes

Levels and vault maps discovered:
D:1:      dpeg_arrival_another_circle, layout_basic
D:2:      layout_rooms, serial_shops, nicolae_shop_trees,
          hellmonk_ecumenical_altar_crossroads, basic_altar,
          columned_hall_lemuel, minmay_misc_feat_diagonals,
          uniq_crazy_yiuf_cottage
D:3:      layout_rooms
D:4:      layout_cave_pools, xom_butterflies, chequers_serial_rivers_room_a
D:5:      layout_loops_ring, lemuel_crystal_altar, tso_altar,
          minmay_temple_entry_glassed_door
D:6:      layout_rooms, serial_shops, kennysheep_mini
D:7:      layout_layer_cave, lemuel_crystal_altar,
          nicolae_overflow_crystal_walls, minmay_crystal_room,
          minmay_gold_behind_fungi, minmay_hedge_maze, corexii_hall_statues_x,
          uniq_harold, uniq_menkaure, uniq_duvessa
Temple:   minmay_temple_bridge_abc

Skill      XL: |  1  2  3  4  5  6  7  8  9 |
---------------+----------------------------+-----
Spellcasting   | 2 3 4 5 6 |  6.0
Fighting       | 1 2 3 4 5 7 |  7.7
Ice Magic      | 5 6 7 8 |  8.0
Dodging        | |  1.7
Stealth        | |  2.1

Action                   |  1- 3 |  4- 6 |  7- 9 || total
-------------------------+-------+-------+-------++-------
Melee: Unarmed           |    15 |     8 |       ||    23
       Rapier            |       |    94 |    71 ||   165
 Fire: Hunting sling     |       |     3 |    25 ||    28
Throw: Stone             |     8 |     8 |     2 ||    18
 Cast: Freeze            |    40 |    20 |    29 ||    89
       Frozen Ramparts   |     3 |    24 |    21 ||    48
       Ozocubu's Armour  |       |     8 |    11 ||    19
       Hailstorm         |       |       |     4 ||     4
Evoke: Wand              |       |     2 |       ||     2
  Use: Potion            |     1 |       |     1 ||     2
       Scroll            |       |     3 |       ||     3
 Stab: Sleeping          |       |     1 |       ||     1
Armor: Robe              |     7 |    26 |    37 ||    70
Dodge: Dodged            |    15 |    59 |    67 ||   141

Table legend: (Time is in decaauts)
 A = Elapsed time spent in this place.
 B = Non-inter-level travel time spent in this place.
 C = Inter-level travel time spent in this place.
 D = Time resting spent in this place.
 E = Time spent auto-exploring this place.
 F = Levels seen in this place.
 G = Mean time per level.
                   A        B        C        D        E       F      G
               +--------+--------+--------+--------+--------+-----+--------+
         Total |   5950 |   5684 |    266 |   1590 |   2801 |   8 |  743.8 |
       Dungeon |   5751 |   5504 |    247 |   1590 |   2628 |   7 |  821.6 |
        Temple |    198 |    179 |     19 |      0 |    173 |   1 |  198.0 |
               +--------+--------+--------+--------+--------+-----+--------+

Top non-repeatable levels by time:
     D:1: 1437 daAuts
     D:5: 1156 daAuts
     D:2: 1054 daAuts
     D:4: 1022 daAuts
     D:3: 480 daAuts
     D:6: 468 daAuts
  Temple: 198 daAuts
     D:7: 131 daAuts
